 Dungeon Crawl Stone Soup version 0.29-a0-468-ge57f7f99b4 (webtiles) character file.

Game seed: 13652663107287402374

56 xian the Conjurer (level 3, -1/26 HPs)
             Began as a Draconian Conjurer on May 21, 2022.
             Slain by an orc wizard
             ... wielding a +0 dagger
              (3 damage)
             ... on level 2 of the Dungeon.
             The game lasted 00:05:12 (1494 turns).

xian the Conjurer (Draconian Conjurer)              Turns: 1494, Time: 00:05:13

Health: -1/26      AC:  5    Str:  9    XL:     3   Next: 69%
Magic:  6/6        EV:  7    Int: 20    God:
Gold:   96         SH:  9    Dex:  9    Spells: 6/7 levels left

rFire   . . .      SeeInvis .   j - +0 whip (venom)
rCold   . . .      Faith    .   e - +0 tower shield
rNeg    . . .      Spirit   .   (body armour unavailable)
rPois   .          Reflect  .   (helmet restricted)
rElec   .          Harm     .   (no cloak)
rCorr   .          Rampage  .   (no gloves)
Will    .....                   (no boots)
Stlth   ++........              i - amulet of magic regeneration
HPRegen 0.08/turn               (no ring)
MPRegen 0.50/turn               (no ring)

@: very slightly contaminated
A: AC +5, unfitting armour, cold-blooded
a: no special abilities


You were on level 2 of the Dungeon.
You visited 1 branch of the dungeon, and saw 2 of its levels.

You collected 96 gold pieces.

Inventory:

Hand Weapons
 j - a +0 whip of venom (weapon)
Armour
 e - a +0 tower shield (worn)
Jewellery
 i - an amulet of magic regeneration (around neck)
Scrolls
 b - 3 scrolls of identify {unknown}
 d - a scroll of vulnerability {unknown}
 f - a scroll of fog {unknown}
 g - a scroll of teleportation {unknown}
 k - a scroll of noise {unknown}
 l - a scroll of enchant weapon {unknown}
 n - a scroll of magic mapping {unknown}
Potions
 a - a potion of magic
 c - 3 potions of curing {unknown}
 h - a potion of brilliance {unknown}
 m - a potion of resistance {unknown}


   Skills:
 + Level 2.1 Dodging
 + Level 1.9 Stealth
 + Level 0.3 Shields
 + Level 2.5 Spellcasting
 + Level 4.7 Conjurations


You had 6 spell levels left.
You knew the following spells:

 Your Spells              Type           Power      Damage    Failure   Level
a - Magic Dart            Conj           84%        1d7       36%         1

Your spell library contained the following spells:

 Spells                   Type           Power      Damage    Failure   Level
 Searing Ray              Conj           42%        2d6       50%         2
 Dazzling Flash           Conj/Hex       24%        N/A       96%         3
 Fulminant Prism          Conj/Hex       6%         3d7       100%        4
 Iskenderun's Mystic Bla  Conj/Tloc      12%        2d5       100%        4


Dungeon Overview and Level Annotations

Branches:
Dungeon (2/15)

Altars:


Innate Abilities, Weirdness & Mutations

Your plain brown scales are hard. (AC +5)
You cannot fit into any form of body armour.
You are cold-blooded and may be slowed by cold attacks.


Message History

Something hits you.
You hear some strange, mumbled words.
Something tries to affect you, but you resist.
Your magical contamination has completely faded away.
A puff of flame appears from out of thin air!
The puff of flame hits you.
You see here a hobgoblin corpse.
An orc wizard appears from thin air!
Reactivating autopickup.
You are too injured to fight recklessly!
You are too injured to fight recklessly!
Aiming: Magic Dart (safe; 36% risk of failure)
Press: ? - help, Q - select action Shift-Dir - straight line, f - orc wizard
Aim: an orc wizard, wielding a +0 dagger and wearing a +0 robe (100% to hit)
The magic dart hits the orc wizard but does no damage.
Aiming: Magic Dart (safe; 36% risk of failure)
Press: ? - help, Q - select action Shift-Dir - straight line, f/p - orc wizard
Aim: an orc wizard, wielding a +0 dagger and wearing a +0 robe (100% to hit)
The magic dart hits the orc wizard but does no damage.
The orc wizard points at you and mumbles some strange words.
The magic dart hits you.
Aiming: Magic Dart (safe; 36% risk of failure)
Press: ? - help, Q - select action Shift-Dir - straight line, f/p - orc wizard
Aim: an orc wizard, wielding a +0 dagger and wearing a +0 robe (100% to hit)
You miscast Magic Dart.
You are very lightly contaminated with residual magic.
Nothing appears to happen.
You hit the orc wizard.
The orc wizard is poisoned.
The orc wizard is lightly wounded.
You block the orc wizard's attack.
The orc wizard mumbles some strange words.
The orc wizard flickers and vanishes!
Deactivating autopickup; reactivate with Ctrl-A.
You barely miss something.
Your tail-slap misses something.
You hear some strange, mumbled words.
A magic dart appears from out of thin air!
The magic dart hits you!
* * * LOW HITPOINT WARNING * * *
You closely miss something. You block something's attack. Something hits you.
You die...

### #.##......###.'.. ##.##
#.......#..##.#..
##.#.##########.......##.###
#.#.(......†.....##..†...#
##...################.####
##.## #.# #.# #.# #o#
############ #.# #.#
#..{@......# #.#
#####.####.########.# #.#
#..........# #.# #.#
#.###.###### #.# #)# #.#
#.....# #.# #.# #.#######.#
#.# #.# #..# #.# #.# #.#
##.# #.# ####.# #..# #.# #.#
#....# #.#


There were no monsters in sight!

Vanquished Creatures
  An adder (D:2)
  A dart slug (D:1)
  3 orcs (D:2)
  2 endoplasms (D:1)
  A giant cockroach (D:1)
  5 goblins
  11 hobgoblins
  2 quokkas (D:1)
  2 ball pythons
  3 bats (D:1)
  2 kobolds (D:1)
  2 rats
35 creatures vanquished.

Notes
Turn   | Place    | Note
-------+----------+-------------------------------------------
     0 | D:1      | xian the Draconian Conjurer began the quest for the Orb.
     0 | D:1      | Reached XP level 1. HP: 14/14 MP: 3/3
   208 | D:1      | Reached XP level 2. HP: 20/20 MP: 3/5
   518 | D:1      | Found a faded altar of an unknown god.
  1074 | D:2      | Reached XP level 3. HP: 26/26 MP: 3/6
  1494 | D:2      | Slain by an orc wizard

Illustrated notes

Levels and vault maps discovered:
D:1:      scummos_arrival_gate, layout_basic, shapermc_ecumenical_altar_pompeii
D:2:      layout_loops_ring, minmay_goblin_kobold_house

Skill      XL: |  1 |
---------------+----+-----
Dodging        | 2 |  2.1
Stealth        | |  1.9
Shields        | |  0.3
Spellcasting   | |  2.5
Conjurations   | |  4.7

Action                   || total
-------------------------++-------
Melee: Unarmed           ||    17
       Tailslap          ||     5
       Whip              ||     8
 Cast: Magic Dart        ||    73
Armor: Skin              ||    27
Dodge: Dodged            ||    41
Block: Tower shield      ||    21

Table legend: (Time is in decaauts)
 A = Elapsed time spent in this place.
 B = Non-inter-level travel time spent in this place.
 C = Inter-level travel time spent in this place.
 D = Time resting spent in this place.
 E = Time spent auto-exploring this place.
 F = Levels seen in this place.
 G = Mean time per level.
                   A        B        C        D        E       F      G
               +--------+--------+--------+--------+--------+-----+--------+
         Total |   1496 |   1461 |     35 |      0 |   1092 |   2 |  748.0 |
       Dungeon |   1496 |   1461 |     35 |      0 |   1092 |   2 |  748.0 |
               +--------+--------+--------+--------+--------+-----+--------+

Top non-repeatable levels by time:
     D:1: 1025 daAuts
     D:2: 471 daAuts
